 Dungeon Crawl Stone Soup version 0.25-a0-869-g05d4e06a41 (webtiles) character file.

Game seed: 10729013772035861892, levelgen mode: classic

221 Amnesiac the Chiller (level 5, -1/28 HPs)
             Began as a Deep Elf Ice Elementalist on May 1, 2020.
             Slain by a hound (3 damage)
             ... on level 4 of the Dungeon.
             The game lasted 00:04:07 (883 turns).

Amnesiac the Chiller (Deep Elf Ice Elementalist)     Turns: 883, Time: 00:04:08

Health: -1/28      AC:  2    Str:  5    XL:     5   Next: 65%
Magic:  5/14       EV: 13    Int: 21    God:
Gold:   94         SH:  0    Dex: 15    Spells: 3/14 levels left

rFire    . . .     SeeInvis .   r - +2 dagger (speed)
rCold    . . .     Gourm    .   (no shield)
rNeg     . . .     Faith    .   a - +0 robe
rPois    .         Spirit   .   (no helmet)
rElec    .         Reflect  .   (no cloak)
rCorr    .         Harm     .   (no gloves)
MR       .....                  (no boots)
Stlth    ++........             (no amulet)
HPRegen  0.09/turn              p - ring of flight
MPRegen  0.14/turn              (no ring)

@: frozen ramparts
A: no striking features
a: Evoke Flight


You were on level 4 of the Dungeon.
You were not hungry.

You visited 1 branch of the dungeon, and saw 4 of its levels.

You collected 94 gold pieces.

Inventory:

Hand Weapons
 r - a +2 dagger of speed (weapon)
 s - a +3 whip
Armour
 a - a +0 robe (worn)
 e - a +0 pair of boots
Jewellery
 p - a ring of flight (left hand)
Scrolls
 b - 6 scrolls of identify {!r, unknown}
 h - 2 scrolls of amnesia {!r, unknown}
 i - a scroll of teleportation {!r, unknown}
 l - a scroll of fog {!r, unknown}
 m - 2 scrolls of immolation {!r, unknown}
 o - a scroll of fear {!r, unknown}
Potions
 d - a potion of magic {!q, unknown}
 g - a potion of stabbing {!q, unknown}
 j - a potion of haste {!q, unknown}
 k - a potion of lignification {!q, unknown}
 n - a potion of flight {!q, unknown}
 q - a potion of degeneration {!q, unknown}
Comestibles
 c - 2 rations
 f - 4 chunks of flesh


   Skills:
 - Level 2.4 Dodging
 - Level 2.4 Stealth
 + Level 5.2 Spellcasting
 * Level 6.7 Ice Magic


You had 3 spell levels left.
You knew the following spells:

 Your Spells              Type           Power        Failure   Level  Hunger
a - Freeze                Ice            ####         1%          1    None
b - Frozen Ramparts       Ice            ####..       1%          3    ##.....
c - Summon Ice Beast      Ice/Summ       ###.....     26%         4    ####...
z - Ozocubu's Armour      Chrm/Ice       ###.....     8%          3    ##.....

Your spell library contained the following spells:

 Spells                   Type           Power        Failure   Level  Hunger
 Hailstorm                Conj/Ice       ###.....     26%         4    ####...


Dungeon Overview and Level Annotations

Branches:
Dungeon (4/15)
 Temple: D:4-7

Altars:
Hepliaklqana
Xom
Yredelemnul
Zin


Message History

Ouch! That really hurt!
* * * LOW HITPOINT WARNING * * *
Casting: Freeze (safe; 1% risk of failure)
Confirm with . or Enter, or press ? or * to list all spells.
Aiming: Freeze (safe; 1% risk of failure)
Press: ? - help, Shift-Dir - straight line, f/p - ogre
Aim: an ogre, wielding a +0 giant spiked club (almost dead)
You freeze the ogre.
You kill the ogre!
Your Spellcasting skill increases to level 5!
You have reached level 5!
The wall freezes the adder.
The adder seems to slow down.
The wall freezes the adder!
You kill the adder!
A jackal comes into view.
You see here a scroll labeled MIT EKILOO {!r}.
There isn't anything to butcher here.
You see here a +0 giant spiked club.
The frozen ramparts melt away.
A jackal comes into view.
You see here a scroll labeled MIT EKILOO {!r}.
h - 2 scrolls labeled MIT EKILOO {!r} (gained 1)
The jackal moves out of view.
Some of the chunks of flesh in your inventory have rotted away.
A hound comes into view.
You see here an adder corpse.
You butcher the adder corpse.
Things that are here:
2 chunks of flesh; an adder skeleton
Casting: Freeze (safe; 1% risk of failure)
Confirm with . or Enter, or press ? or * to list all spells.
Aiming: Freeze (safe; 1% risk of failure)
Press: ? - help, Shift-Dir - straight line, f - hound
Aim: a hound (hasn't noticed you)
You freeze the hound!
The hound barks!
The hound is heavily wounded.
The jackal barks!
You hear a bark! x2
The hound bites you but does no damage. The hound misses you.
The hound barely misses you. The hound misses you.
You see here a +0 giant spiked club.
The jackal bites you.
* * * LOW HITPOINT WARNING * * *
The hound barely misses you. The hound closely misses you.
Casting: Freeze (safe; 1% risk of failure)
Confirm with . or Enter, or press ? or * to list all spells.
The walls around you are covered in ice.
The wall freezes the hound.
The hound barely misses you.
The wall freezes the jackal.
Casting: Frozen Ramparts (safe; 1% risk of failure)
Confirm with . or Enter, or press ? or * to list all spells.
Aiming: Freeze (safe; 1% risk of failure)
Press: ? - help, Shift-Dir - straight line, f/p - hound
Aim: a hound (severely wounded)
You freeze the hound.
The hound is severely wounded.
The wall freezes the hound.
The hound bites you.
* * * LOW HITPOINT WARNING * * *
The wall freezes the jackal.
You kill the jackal!
The wall freezes the hound.
The hound bites you.
You die...

.## .. ##.
..######...
..........
#.......... ##
##....#.....
>..####.†........#
........h@.# ....#
........#####.....
........)##....h..
########..%.#
######...#
.........##
$...####.# ..
.##.####>######....
#......##<....#


You could see a hound.

Vanquished Creatures
  An ogre (D:4)
  A hound (D:2)
  2 adders
  3 dart slugs (D:2)
  A leopard gecko (D:3)
  7 orcs
  3 bats (D:2)
  2 giant cockroaches
  A goblin (D:3)
  2 hobgoblins (D:2)
  2 jackals (D:4)
  A frilled lizard (D:3)
  A kobold (D:2)
  3 rats (D:2)
30 creatures vanquished.

Vanquished Creatures (collateral kills)
  A black bear (D:2)
  A worm (D:2)
  A hobgoblin (D:2)
3 creatures vanquished.

Grand Total: 33 creatures vanquished

Notes
Turn   | Place    | Note
-------+----------+-------------------------------------------
     0 | D:1      | Amnesiac the Deep Elf Ice Elementalist began the quest for
                  | the Orb.
     0 | D:1      | Reached XP level 1. HP: 10/10 MP: 6/6
   173 | D:2      | Reached XP level 2. HP: 15/15 MP: 5/8
   197 | D:2      | Found a basalt altar of Yredelemnul.
   206 | D:2      | Found a shimmering altar of Xom.
   206 | D:2      | Found a glowing silver altar of Zin.
   289 | D:2      | Reached skill level 5 in Ice Magic
   289 | D:2      | Reached XP level 3. HP: 17/19 MP: 6/10
   294 | D:2      | Learned a level 3 spell: Frozen Ramparts
   298 | D:2      | Learned a level 3 spell: Ozocubu's Armour
   472 | D:3      | Found a hazy altar of Hepliaklqana.
   533 | D:3      | Reached XP level 4. HP: 18/24 MP: 8/12
   548 | D:3      | Learned a level 4 spell: Summon Ice Beast
   657 | D:2      | Noticed a black bear
   672 | D:2      | Killed a black bear
   672 | D:2      | Reached skill level 6 in Ice Magic
   857 | D:4      | Noticed an ogre
   867 | D:4      | Killed an ogre
   867 | D:4      | Reached skill level 5 in Spellcasting
   867 | D:4      | Reached XP level 5. HP: 5/28 MP: 7/14
   883 | D:4      | Slain by a hound

Levels and vault maps discovered:
D:1:      dpeg_arrival_ternary, layout_basic, minmay_split_cup_small
D:2:      layout_rooms, gammafunk_temple_overflow_forgotten, serial_bayou_pond_e
D:3:      layout_basic, gammafunk_temple_overflow_wave, old_standard_altar,
          cheibriados_altar_1, uniq_robin
D:4:      layout_rooms, serial_glass, glass_columns_a, glass_columns_a

Skill      XL: |  1  2  3  4 |
---------------+-------------+-----
Ice Magic      | 5 6 |  6.7
Spellcasting   | 4 5 |  5.2
Dodging        | |  2.4
Stealth        | |  2.4

Action                   |  1- 3 |  4- 6 || total
-------------------------+-------+-------++-------
Melee: Unarmed           |     1 |       ||     1
 Cast: Freeze            |    32 |    12 ||    44
       Frozen Ramparts   |       |     2 ||     2
       Summon Ice Beast  |       |     1 ||     1
Armor: Robe              |     6 |     1 ||     7
Dodge: Dodged            |    12 |    11 ||    23

Table legend:
 A = Non-vault XP
 B = Vault XP
 C = Vault XP percentage of total XP
 D = Non-vault monster count
 E = Vault monster count
 F = Vault count percentage of total count
                 A         B        C        D         E       F
            +---------+---------+-------+---------+---------+-------
      Total |     317 |       0 |   0.0 |      33 |       0 |   0.0
            +---------+---------+-------+---------+---------+-------
        D:2 |     137 |       0 |   0.0 |      17 |       0 |   0.0
        D:3 |      39 |       0 |   0.0 |      11 |       0 |   0.0
        D:4 |     141 |       0 |   0.0 |       5 |       0 |   0.0
            +---------+---------+-------+---------+---------+-------
